 Dungeon Crawl Stone Soup version 0.21.1-1-g345015fe64 (webtiles) character file.

479 Goboxel the Slasher (level 6, -1/48 HPs)
             Began as a Demonspawn Gladiator on Apr 23, 2018.
             Killed by divine providence
             ... invoked by an orc priest
              (13 damage)
             ... on level 3 of the Dungeon.
             The game lasted 00:07:19 (3627 turns).

Goboxel the Slasher (Demonspawn Gladiator)          Turns: 3627, Time: 00:07:19

Health: -1/48      AC:  5    Str: 14    XL:     6   Next: 86%
Magic:  6/6        EV: 14    Int:  9    God:
Gold:   132        SH:  0    Dex: 19    Spells: 5/5 levels left

rFire    . . .     SeeInvis .   a - +0 long sword
rCold    . . .     Gourm    .   (no shield)
rNeg     . . .     Faith    .   b - +0 leather armour
rPois    +         Spirit   .   c - +0 helmet
rElec    .         Reflect  .   u - +0 cloak
rCorr    .         Harm     .   (no gloves)
MR       .....                  (no boots)
Stlth    ++........             (no amulet)
HPRegen  0.16/turn              n - ring of poison resistance
MPRegen  0.10/turn              (no ring)

@: no status effects
A: claws 1, thin skeletal structure 1, powered by death 1
a: no special abilities


You were on level 3 of the Dungeon.
You were not hungry.

You visited 1 branch of the dungeon, and saw 4 of its levels.

You collected 132 gold pieces.

Inventory:

Hand Weapons
 a - a +0 long sword (weapon)
Missiles
 d - 3 throwing nets (quivered)
Armour
 b - a +0 leather armour (worn)
 c - a +0 helmet (worn)
 l - a +1 chain mail of poison resistance
 u - a +0 cloak (worn)
Jewellery
 n - a ring of poison resistance (left claw)
Wands
 r - a wand of paralysis (12)
Scrolls
 h - a scroll of fog
 j - a scroll of teleportation
 k - 3 scrolls of immolation
 m - a scroll of amnesia
 q - a scroll of enchant armour {unknown}
 s - a scroll of enchant weapon {unknown}
 t - a scroll of magic mapping {unknown}
Potions
 e - a potion of curing
 g - a potion of might
 i - 2 potions of flight {unknown}
 o - a potion of heal wounds {unknown}
 p - a potion of brilliance {unknown}
Comestibles
 f - 4 rations


   Skills:
 + Level 3.9 Fighting
 * Level 5.4 Long Blades
 - Level 1.8 Throwing
 + Level 4.2 Dodging


You had 5 spell levels left.
You didn't know any spells.

Dungeon Overview and Level Annotations

Branches:
Dungeon (4/15)
 Temple: D:4-7

Altars:
Elyvilon
Vehumet
Yredelemnul
The Shining One


Innate Abilities, Weirdness & Mutations

You have sharp fingernails.
You have a somewhat thin skeletal structure. (Dex +2, Stealth)
You regenerate a little health from kills.


Message History

You closely miss the orc priest.
The orc priest is almost dead.
The gnoll hits you from afar with a spear!
* * * LOW HITPOINT WARNING * * *
The orc priest barely misses you.
You hit the orc priest but do no damage.
The orc priest is almost dead.
The gnoll hits you from afar with a spear.
* * * LOW HITPOINT WARNING * * *
The orc priest closely misses you.
You barely miss the orc priest.
The orc priest is almost dead.
The gnoll completely misses you.
The orc priest hits you but does no damage.
You hit the orc priest but do no damage.
The orc priest is almost dead.
The gnoll closely misses you.
The orc priest invokes the aid of Beogh against you.
Beogh smites you!
You die...

#############
#####.......#...##
#.....#####..###.# #.###.#
#.## ##. #@#.[.# #.# #.
#o#>#.# #.## ##.
#.g[..#####..###..
###.#.............
#.......##.#.###
#........[.#.... #######
#....<..#>.#.### #.....#
#.#.##..#....#
##.PPP.######.....#.#..#.###


You could see an orc priest and a gnoll.

Vanquished Creatures
  The ghost of Jannitor the Insei, an amateur TeCK of Xom (D:3)
  Sigmund (D:3)
  Crazy Yiuf (D:3)
  A gnoll (D:3)
  3 adders (D:2)
  An ooze (D:3)
  A worm (D:2)
  2 dart slugs (D:1)
  2 leopard geckos
  6 orcs (D:3)
  4 giant cockroaches
  3 goblins
  5 hobgoblins
  4 jackals (D:2)
  6 bats
  2 frilled lizards
  6 kobolds
  14 rats
63 creatures vanquished.

Notes
Turn   | Place    | Note
-------+----------+-------------------------------------------
     0 | D:1      | Goboxel the Demonspawn Gladiator began the quest for the Orb.
     0 | D:1      | Reached XP level 1. HP: 16/16 MP: 1/1
   138 | D:1      | Reached skill level 3 in Long Blades
   138 | D:1      | Gained mutation: You have a somewhat thin skeletal structure. (Dex +2, Stealth) [demonic ancestry]
   138 | D:1      | Reached XP level 2. HP: 17/22 MP: 2/2
   766 | D:2      | Gained mutation: You regenerate a little health from kills. [demonic ancestry]
   766 | D:2      | Reached XP level 3. HP: 27/27 MP: 3/3
  1475 | D:2      | Found a radiant altar of Vehumet.
  1644 | D:2      | Reached XP level 4. HP: 34/34 MP: 4/4
  1829 | D:3      | Noticed Jannitor's ghost (amateur TeCK)
  2184 | D:3      | Found a white marble altar of Elyvilon.
  2451 | D:3      | Killed Jannitor's ghost
  2451 | D:3      | Reached skill level 4 in Long Blades
  2451 | D:3      | Gained mutation: You have sharp fingernails. [demonic ancestry]
  2451 | D:3      | Reached XP level 5. HP: 24/41 MP: 5/5
  2667 | D:3      | Found a glowing golden altar of the Shining One.
  2672 | D:3      | Found a basalt altar of Yredelemnul.
  2674 | D:3      | Noticed a profane servitor
  2709 | D:3      | Noticed Sigmund
  2726 | D:3      | Killed Sigmund
  2726 | D:3      | Reached skill level 5 in Long Blades
  2726 | D:3      | Reached XP level 6. HP: 48/48 MP: 6/6
  2794 | D:3      | Found a runed door.
  2926 | D:3      | Noticed an angel
  2969 | D:3      | Noticed Crazy Yiuf
  2978 | D:3      | Killed Crazy Yiuf
  3627 | D:3      | Killed from afar by an orc priest

Skill      XL: |  1  2  3  4  5 |
---------------+----------------+-----
Long Blades    | 3 4 5 |  5.4
Dodging        | 3 4 |  4.2
Fighting       | 3 |  3.9
Throwing       | |  1.8

Action                   |  1- 3 |  4- 6 || total
-------------------------+-------+-------++-------
Melee: Long sword        |   102 |   103 ||   205
Evoke: Wand              |       |     4 ||     4
  Use: Scroll            |       |     7 ||     7
 Stab: Sleeping          |     3 |     2 ||     5
       Paralysed         |       |    21 ||    21
  Eat: Chunk             |     2 |     7 ||     9
Armor: Leather armour    |    29 |    20 ||    49
Dodge: Dodged            |    84 |    77 ||   161
       Rpst.: Long sword |    26 |    18 ||    44
